 Dungeon Crawl Stone Soup version 0.25-a0-697-g890751e (webtiles) character file.

Game seed: 2685839921583192851, levelgen mode: deterministic

10199 Faels the Covert (level 11, -26/68 HPs)
             Began as a Kobold Assassin on Mar 31, 2020.
             Was a High Priest of Okawaru.
             Killed from afar by a blizzard demon (35 damage)
             ... with a bolt of lightning
             ... while paralysed
             ... in a Gauntlet.
             The game lasted 00:42:28 (12765 turns).

Faels the Covert (Kobold Assassin)                 Turns: 12765, Time: 00:42:29

Health: -26/68     AC: 14    Str: 12    XL:     11   Next: 88%
Magic:  9/14       EV:  3    Int: 13    God:    Okawaru [*****.]
Gold:   407        SH:  0    Dex: 16    Spells: 10/10 levels left

rFire    . . .     SeeInvis +   u - +4 dagger (elec)
rCold    . . .     Gourm    .   r - +2 buckler
rNeg     . . .     Faith    .   Y - +0 swamp dragon scales
rPois    +         Spirit   .   (helmet restricted)
rElec    .         Reflect  .   c - +0 cloak
rCorr    .         Harm     .   k - +2 pair of gloves {archery}
MR       .....     NoTele   +   l - +0 pair of boots
Stlth    ++++......             (no amulet)
HPRegen  0.21/turn              h - ring of see invisible
MPRegen  0.14/turn              (no ring)

@: paralysed, berserk cooldown, slowed
A: small, antennae 1, carnivore, MP-powered wands
a: Heroism, Finesse, Renounce Religion


You were in a Gauntlet.
You worshipped Okawaru.
Okawaru was extremely pleased with you.
You were very full.

You visited 3 branches of the dungeon, and saw 12 of its levels.
You also visited: Ossuary and Gauntlet.

You collected 687 gold pieces.
You spent 280 gold pieces at shops.

Inventory:

Hand Weapons
 a - a +2 dagger
 b - the +7 war axe of Wapnischo {holy, *Noise rPois MP+9 Int+7}
   (You found it on level 5 of the Dungeon)

   It has been blessed by the Shining One to cause great damage to the undead
   and demons.
   It affects your intelligence (+7).
   It protects you from poison.
   It affects your magic capacity (+9).
   It may make noises in combat.
 u - a +4 dagger of electrocution (weapon)
 L - a +3 dagger of venom
 O - a +0 dagger of holy wrath
 W - a +2 short sword of speed
Missiles
 d - 97 poisoned darts
 e - 11 atropa-tipped darts
 g - 7 boomerangs
 z - 2 curare-tipped darts (quivered)
 N - 3 throwing nets
Armour
 c - a +0 cloak (worn)
 k - a +2 pair of gloves of archery (worn)
 l - a +0 pair of boots (worn)
 r - a +2 buckler (worn)
 I - a +0 pair of gloves
 T - the +2 robe of Vines {NoPotionHeal Regen+7}
   (You found it on level 8 of the Dungeon)

   It increases your rate of regeneration.
 Y - +0 swamp dragon scales (worn)
Jewellery
 h - a ring of see invisible (left hand)
Wands
 o - a wand of digging (6)
 w - a wand of scattershot (5)
 J - a wand of enslavement (6)
 Q - a wand of flame (19)
Scrolls
 i - 4 scrolls of teleportation
 t - 5 scrolls of amnesia
 v - 7 scrolls of remove curse
 G - 2 scrolls of immolation
 K - 2 scrolls of blinking
 P - 3 scrolls of identify
 S - a scroll of fear {unknown}
 U - a scroll of vulnerability {unknown}
Potions
 j - 3 potions of brilliance
 m - 3 potions of flight
 n - 4 potions of haste
 p - a potion of lignification {unknown}
 q - 2 potions of ambrosia
 s - 6 potions of stabbing
 x - 7 potions of curing
 A - a potion of magic {unknown}
 C - a potion of cancellation {unknown}
 D - a potion of berserk rage
 E - a potion of might {unknown}
Miscellaneous
 X - a lightning rod (4/4)
Comestibles
 f - 21 rations


   Skills:
 + Level 7.6 Fighting
 - Level 10.1 Short Blades
 - Level 6.0 Throwing
 + Level 5.2 Armour
 + Level 8.0 Dodging
 + Level 10.7 Stealth
 - Level 5.6 Shields
 + Level 4.5 Invocations


You had 10 spell levels left.
You didn't know any spells.
Your spell library contained the following spells:

 Spells                   Type           Power        Failure   Level  Hunger
 Corona                   Hex            #......      54%         1    ##.....
 Ensorcelled Hibernation  Hex/Ice        #.....       67%         2    ###....
 Confusing Touch          Hex            #.......     88%         3    ####...
 Dazzling Flash           Conj/Hex       #.....       88%         3    ####...
 Tukima's Dance           Hex            #.......     88%         3    ####...


Dungeon Overview and Level Annotations

Branches:
Dungeon (10/15)            Temple (1/1) D:4            Lair (1/6) D:10
    Orc (0/2) D:9         Ossuary (visited)         Gauntlet (1/1)

Altars:
Ashenzari
Cheibriados
Dithmenos
Elyvilon
Fedhas
Gozag
Hepliaklqana
Kikubaaqudgha
Makhleb
Nemelex Xobeh
Okawaru
Qazlal
Ru
Sif Muna
Trog
Uskayaw
Vehumet
Wu Jian
Xom
Yredelemnul
Zin
The Shining One

Shops:
D:9 :   D:10 }

Annotations:
D:7 1 runed translucent door, Caerwyn's ghost, novice VSFi Gauntlet 9 transporters, exclusion: obsidian statue


Innate Abilities, Weirdness & Mutations

You are small and have problems with some larger weapons.
You are carnivorous and can eat meat at any time.
You have a pair of small antennae on your head.
You expend magic power (3 MP) to strengthen your wands.


Message History

The bolt of cold hits you!!!
* * * LOW HITPOINT WARNING * * *
You hit the blizzard demon.
The blizzard demon is severely wounded.
The blizzard demon completely misses you.
The blizzard demon closely misses you.
You barely miss the blizzard demon.
The blizzard demon is severely wounded.
You are no longer berserk.
You pass out from exhaustion.
You feel yourself slow down.
The blizzard demon is engulfed in freezing vapours.
The blizzard demon waves its arms in wide circles.
The air twists around and strikes you.
* * * LOW HITPOINT WARNING * * *
You feel like a meek peon again. The blizzard demon gestures at you.
The bolt of lightning hits you!!
Ouch! That really hurt!
You die...

..##.##)#...#.##..###...#....##
#....##.#####..##..##...#.8©.#
#.#.....#...#..3*3..#...#....#
..##.##.#...#########...##.....
#########...............≈##..##
................8.....8.## #.#
...8.....8...............## ##
...........###########...≈#
########...#...2@....#...##
.......#...#.#.....#.#...≈#
..#.#..#####..##.##.=#...##
..#.#.u#.†.#.{##.##..#...≈#
.G#©#.G#©8©#5.#.©.#.©#.8.##
.u#.#..#...#..##.##.$#...§#
..#.#.(#####..##.##.?#...##
.......#...#.#.....#.#...≈#
########...#.........#...##


You could see a wretched star, a blizzard demon and 2 neqoxecs.

Vanquished Creatures
  3 two-headed ogres
  2 ugly things
  Maggie (D:9)
  A gargoyle (D:10)
  An ice devil (Gauntlet)
  A hornet (D:9)
  4 hippogriffs
  A wraith (D:8)
  A hungry ghost (D:7)
  A water moccasin (Lair:1)
  Duvessa (D:5)
  2 porcupines
  3 sky beasts
  3 ice beasts
  4 ogres
  5 phantoms
  A necrophage (D:9)
  2 centaurs (D:6)
  2 big kobolds
  A gnoll sergeant (D:6)
  7 bullfrogs
  Dowan (D:5)
  3 scorpions
  6 killer bees
  3 wights (D:6)
  3 howler monkeys (D:9)
  4 crimson imps
  A quasit (D:8)
  2 bullfrog skeletons
  3 hounds
  2 jellies
  6 orc priests
  An iguana (D:10)
  4 centaur skeletons
  10 orc wizards
  Jessica (D:3)
  A hell rat (D:10)
  12 worker ants
  3 mummies (Ossuary)
  A worker ant zombie (D:5)
  5 gnolls
  A howler monkey skeleton (D:4)
  18 adders
  A river rat (D:10)
  6 shadow imps
  A white imp (Gauntlet)
  An ooze (D:4)
  An adder zombie (D:6)
  An adder skeleton (D:6)
  A worm (D:5)
  5 leopard geckos
  24 orcs
  3 ball pythons
  8 giant cockroaches
  A gnoll zombie (Ossuary)
  5 goblins
  7 hobgoblins
  13 jackals
  11 kobolds
  4 quokkas
  7 bats
  6 frilled lizards
  5 goblin zombies (Ossuary)
  A hobgoblin zombie (Ossuary)
  A kobold zombie (Ossuary)
  13 rats
264 creatures vanquished.

Notes
Turn   | Place    | Note
-------+----------+-------------------------------------------
     0 | D:1      | Faels the Kobold Assassin began the quest for the Orb.
     0 | D:1      | Reached XP level 1. HP: 12/12 MP: 1/1
   271 | D:1      | Reached XP level 2. HP: 18/18 MP: 2/2
   906 | D:2      | Reached XP level 3. HP: 22/22 MP: 3/3
  1350 | D:2      | Reached skill level 1 in Shields
  1350 | D:2      | Reached XP level 4. HP: 21/27 MP: 4/4
  1355 | D:2      | Reached XP level 5. HP: 25/31 MP: 5/5
  1686 | D:3      | Found a basalt altar of Yredelemnul,
  2144 | D:3      | Found an opulent altar of Gozag,
  2179 | D:3      | Reached skill level 5 in Short Blades
  2576 | D:3      | Reached XP level 6. HP: 36/36 MP: 6/6
  2584 | D:3      | Noticed Jessica
  2593 | D:3      | Killed Jessica
  3056 | D:4      | Found a staircase to the Ecumenical Temple,
  3064 | D:4      | Found a sand-covered staircase,
  3074 | Ossuary  | Entered an ossuary
  3432 | Temple   | Entered the Ecumenical Temple
  3592 | Temple   | Became a worshipper of Warmaster Okawaru
  3763 | D:4      | Reached XP level 7. HP: 27/40 MP: 7/7
  4858 | D:4      | Gained mutation: You are frail. (-10% HP) [potion of
                  | mutation]
  4858 | D:4      | Gained mutation: Armour fits poorly on your strangely
                  | shaped body. [potion of mutation]
  4858 | D:4      | Gained mutation: You have an increased reservoir of magic.
                  | (+10% MP) [potion of mutation]
  4859 | D:4      | Lost mutation: Armour fits poorly on your strangely shaped
                  | body. [potion of mutation]
  4859 | D:4      | Lost mutation: You are frail. (-10% HP) [potion of
                  | mutation]
  4859 | D:4      | Gained mutation: You are weak. (Str -2) [potion of
                  | mutation]
  4859 | D:4      | Gained mutation: You are agile. (Dex +2) [potion of
                  | mutation]
  4860 | D:4      | Lost mutation: You are agile. (Dex +2) [potion of mutation]
  4860 | D:4      | Lost mutation: You are weak. (Str -2) [potion of mutation]
  4860 | D:4      | Gained mutation: You have a pair of small antennae on your
                  | head. [potion of mutation]
  4860 | D:4      | Lost mutation: You have an increased reservoir of magic.
                  | (+10% MP) [potion of mutation]
  4860 | D:4      | Gained mutation: You expend magic power (3 MP) to
                  | strengthen your wands. [potion of mutation]
  5245 | D:5      | Entered Level 5 of the Dungeon
  5299 | D:5      | Reached XP level 8. HP: 45/45 MP: 8/8
  5570 | D:5      | Found a shimmering altar of Xom,
  5571 | D:5      | Found a shimmering altar of Xom,
  5576 | D:5      | Got a jewelled war axe
  5612 | D:5      | Identified the +7 war axe of Wapnischo {holy, *Noise rPois
                  | MP+9 Int+7} (You found it on level 5 of the Dungeon)
  5839 | D:5      | Noticed Dowan
  5858 | D:5      | Killed Dowan
  5858 | D:5      | Reached skill level 5 in Shields
  5879 | D:5      | Reached * piety under Okawaru
  5925 | D:5      | Noticed Duvessa
  5927 | D:5      | Killed Duvessa
  6212 | D:6      | Found a radiant altar of Vehumet,
  6293 | D:6      | Reached skill level 10 in Short Blades
  6293 | D:6      | Reached XP level 9. HP: 39/49 MP: 9/9
  6423 | D:6      | Reached ** piety under Okawaru
  6640 | D:6      | Reached skill level 1 in Armour
  7486 | D:6      | Found a sacrificial altar of Ru,
  7917 | D:7      | Reached *** piety under Okawaru
  7936 | D:7      | Got a smoking dagger
  7940 | D:7      | Identified the cursed +3 dagger of Entrepreneurial Spirit
                  | {pain, rPois rC- Dex+4} (You found it on level 7 of the
                  | Dungeon)
  7955 | D:7      | Noticed a hippogriff
  7969 | D:7      | Killed a hippogriff
  7969 | D:7      | Reached XP level 10. HP: 54/58 MP: 10/10
  8176 | D:7      | Found a runed translucent door,
  8178 | D:7      | Noticed Caerwyn's ghost (novice VSFi)
  8254 | D:7      | Reached skill level 5 in Throwing
  8341 | D:7      | Found a glowing golden altar of the Shining One,
  8364 | D:7      | Reached skill level 5 in Fighting
  8506 | D:7      | Found a white marble altar of Elyvilon,
  8847 | D:8      | Reached skill level 5 in Dodging
  9279 | D:8      | Found the +2 robe of Vines {NoPotionHeal Regen+7}
  9596 | D:9      | Noticed a +0 dagger
  9598 | D:9      | Noticed a +0 hand axe
  9626 | D:9      | Found a shattered altar of Ashenzari,
  9654 | D:9      | Noticed a two-headed ogre
  9670 | D:9      | Killed a two-headed ogre
  9670 | D:9      | Reached **** piety under Okawaru
  9732 | D:9      | Found a hide-covered altar of Uskayaw,
  9977 | D:9      | Found a staircase to the Orcish Mines,
 10027 | D:9      | Reached skill level 1 in Invocations
 10137 | D:9      | Reached XP level 11. HP: 64/64 MP: 12/12
 10265 | D:9      | Noticed Maggie
 10268 | D:9      | Killed Maggie
 10442 | D:9      | Reached ***** piety under Okawaru
 10742 | D:9      | Found Tefosun's Book Shop,
 11023 | D:10     | Entered Level 10 of the Dungeon
 11080 | D:10     | Noticed a two-headed ogre
 11096 | D:10     | Killed a two-headed ogre
 11096 | D:10     | Reached skill level 10 in Stealth
 11364 | D:10     | Found a staircase to the Lair,
 11373 | D:10     | Noticed a death yak
 11373 | D:10     | Noticed a death yak
 11380 | D:10     | Noticed a death yak
 11621 | D:10     | Noticed a cyan ugly thing
 11627 | D:10     | Noticed a two-headed ogre
 11734 | D:10     | Received a gift from Okawaru
 11754 | D:10     | Found Ami Coo's Gadget Emporium,
 11775 | D:10     | Bought a wand of digging (6) for 280 gold pieces
 11873 | D:10     | Received a gift from Okawaru
 11984 | D:10     | Killed a cyan ugly thing
 11984 | D:10     | Reached skill level 5 in Armour
 11992 | D:10     | Killed a two-headed ogre
 12226 | Lair:1   | Entered Level 1 of the Lair of Beasts
 12252 | Lair:1   | Found a gate leading to a gauntlet,
 12268 | Gauntlet | Entered a Gauntlet
 12268 | Gauntlet | Found a transporter,
 12271 | Gauntlet | Found a transporter,
 12274 | Gauntlet | Noticed a fire crab
 12287 | Gauntlet | Found a transporter,
 12296 | Gauntlet | Noticed an entropy weaver
 12297 | Gauntlet | Found a transporter,
 12317 | Gauntlet | Found a transporter,
 12330 | Gauntlet | Found a transporter,
 12330 | Gauntlet | Noticed a blizzard demon
 12350 | Gauntlet | Found a transporter,
 12354 | Gauntlet | Found a transporter,
 12358 | Gauntlet | Noticed a cyan ugly thing
 12361 | Gauntlet | Noticed a green ugly thing
 12362 | Gauntlet | Found a transporter,
 12364 | Gauntlet | Noticed a glowing orange brain
 12387 | Gauntlet | Found a transporter,
 12387 | Gauntlet | Noticed an obsidian statue
 12389 | Gauntlet | Found a transporter,
 12398 | Gauntlet | Noticed a wretched star
 12430 | Gauntlet | Found a transporter,
 12559 | Gauntlet | Killed a green ugly thing
 12765 | Gauntlet | Killed from afar by a blizzard demon

Levels and vault maps discovered:
D:1:      dpeg_arrival_arbitrary_c, layout_loops_ring, minmay_rat_gold_closets
D:2:      layout_basic, first_ration, hex_large
D:3:      layout_basic, marbit_many_paths,
          nicolae_gozag_cash_rules_everything_around_me,
          kennysheep_jessica_study
D:4:      layout_layer_cave, minmay_temple_entry_drinking_statues,
          enter_ossuary_1, kennysheep_opposing_triangles
D:5:      layout_loops_ring, xom_redecorated, uniq_duvessa
D:6:      layout_cave_pods, hangedman_ru_absence, lemuel_doored_altar,
          corexii_item_surrounded_by_moat
D:7:      layout_basic, minitemple, ebering_ghost_inner_flame,
          minmay_fountain_box
D:8:      layout_basic
D:9:      layout_loops_ring, dancing_weapons_uskayaw, orc_0_dummy, serial_shops,
          nicolae_shop_statue_plus, minmay_misc_feat_room, grunt_ogre_cave,
          nicolae_ashenzari_panopticon, uniq_maggie
D:10:     layout_big_octagon, dpeg_lair_monsters, serial_shops, shop,
          kennysheep_little_box
Temple:   regret_index_temple_generic_petals
Lair:1:   wander_river, layout_regular_city, portal_ice_cave_demonic_guard,
          gauntlet_entry_generic, grunt_megastairs_3
Gauntlet: minmay_gauntlet_mixed_oops_all_seconds
          [minmay_gauntlet_arena_77_radiant_squares,
          gammafunk_gauntlet_arena_crates,
          minmay_gauntlet_arena_77_chump_sandwich,
          gammafunk_gauntlet_arena_mazey, minmay_gauntlet_arena_77_two_lines,
          nicolae_gauntlet_arena_blocks, gauntlet_exit_watery]

Skill      XL: |  1  2  3  4  5  6  7  8  9 10 11 |
---------------+----------------------------------+-----
Short Blades   | 3 4 5 6 7 10 | 10.1
Shields        | 1 2 3 4 5 |  5.6
Dodging        | 4 6 8 |  8.0
Throwing       | 4 6 |  6.0
Fighting       | 4 6 7 |  7.6
Armour         | 2 4 5 |  5.2
Stealth        | 7 9 10 | 10.7
Invocations    | 1 4 |  4.5

Action                   |  1- 3 |  4- 6 |  7- 9 | 10-12 || total
-------------------------+-------+-------+-------+-------++-------
Melee: Dagger            |    93 |   184 |   316 |   415 ||  1008
Throw: Dart              |    10 |    19 |    41 |    40 ||   110
Invok: Heroism           |       |       |       |     6 ||     6
       Finesse           |       |       |       |     1 ||     1
  Use: Scroll            |     3 |     5 |     8 |     5 ||    21
       Potion            |       |     3 |     3 |     3 ||     9
 Stab: Distracted        |     1 |     2 |     2 |     1 ||     6
       Sleeping          |     3 |     3 |    12 |    11 ||    29
  Eat: Chunk             |    10 |     5 |    16 |    16 ||    47
Armor: Leather armour    |    20 |    29 |       |       ||    49
       Ring mail         |       |    12 |    23 |    16 ||    51
       Robe              |       |       |       |    10 ||    10
       Swamp dragon scal |       |       |       |    17 ||    17
Dodge: Dodged            |    77 |    68 |    76 |   144 ||   365
Block: Buckler           |     2 |    69 |    77 |    98 ||   246

Table legend:
 A = Non-vault XP
 B = Vault XP
 C = Vault XP percentage of total XP
 D = Non-vault monster count
 E = Vault monster count
 F = Vault count percentage of total count
                 A         B        C        D         E       F
            +---------+---------+-------+---------+---------+-------
      Total |   12563 |    2007 |  13.8 |     231 |      33 |  12.5
            +---------+---------+-------+---------+---------+-------
        D:1 |      14 |       6 |  30.0 |      10 |       6 |  37.5
        D:2 |     136 |       0 |   0.0 |      19 |       0 |   0.0
        D:3 |     128 |      40 |  23.8 |      35 |       3 |   7.9
        D:4 |     505 |      86 |  14.6 |      23 |       3 |  11.5
        D:5 |     461 |     212 |  31.5 |      22 |       2 |   8.3
        D:6 |    1432 |       0 |   0.0 |      33 |       0 |   0.0
        D:7 |    1609 |       0 |   0.0 |      29 |       0 |   0.0
        D:8 |     731 |       0 |   0.0 |       8 |       0 |   0.0
        D:9 |    3454 |     510 |  12.9 |      35 |       2 |   5.4
       D:10 |    3809 |     194 |   4.8 |      15 |       3 |  16.7
     Lair:1 |     284 |       0 |   0.0 |       2 |       0 |   0.0
    Ossuary |       0 |      64 | 100.0 |       0 |      11 | 100.0
   Gauntlet |       0 |     895 | 100.0 |       0 |       3 | 100.0
            +---------+---------+-------+---------+---------+-------
